 Dungeon Crawl Stone Soup version 0.28.0-43-g3370ac3207 (webtiles) character file.

Game seed: 6615073936450262350

23584 crrrack the Earth Mage (level 13, -3/82 HPs)
             Began as a Gargoyle Earth Elementalist on Mar 21, 2022.
             Was a High Priest of Vehumet.
             Slain by an eight-headed hydra (11 damage)
             ... on level 1 of the Lair of Beasts.
             The game lasted 00:42:56 (19825 turns).

crrrack the Earth Mage (GrEE)                      Turns: 19825, Time: 00:42:56

Health: -3/82      AC: 20    Str: 13    XL:     13   Next: 7%
Magic:  13/28      EV: 11    Int: 24    God:    Vehumet [*****.]
Gold:   535        SH:  0    Dex: 10    Spells: 15/35 levels left

rFire   . . .      SeeInvis +   e - +12 flail of Laceration {vorpal, Drain Int+4}
rCold   + . .      Faith    .   (no shield)
rNeg    + . .      Spirit   .   W - +0 acid dragon scales
rPois   ∞          Reflect  .   m - +0 helmet
rElec   +          Harm     .   G - +0 cloak
rCorr   +          Rampage  .   A - +0 pair of gloves
Will    .....                   B - +0 pair of boots of Squeaky Liberty {rC+ rCorr SInv}
Stlth   +.........              H - amulet of the acrobat
HPRegen 0.23/turn               l - ring of wizardry
MPRegen 0.21/turn               (no ring)

@: no status effects
A: sickness immunity, AC +9, negative energy resistance 1, electricity
resistance, torment resistance 1, petrification resistance
a: Renounce Religion


You were on level 1 of the Lair of Beasts.
You worshipped Vehumet.
Vehumet was extremely pleased with you.
You visited 3 branches of the dungeon, and saw 15 of its levels.

You collected 535 gold pieces.

Inventory:

Hand Weapons
 e - the +12 flail of Laceration (weapon) {vorpal, Drain Int+4}
   (You found it on level 8 of the Dungeon)

   It inflicts extra damage upon your enemies.
   Int:       It affects your intelligence (+4).
   Drain:     It drains your maximum health when unequipped.
 P - a +7 morningstar
Missiles
 c - 33 stones
 y - 25 poisoned darts
 E - 15 curare-tipped darts (quivered) {!f}
Armour
 b - the +0 robe of Beogh's Supremacy {Rampage Str-3 Int+8}
   (You took it off a goblin on level 5 of the Dungeon)

   Str:       It affects your strength (-3).
   Int:       It affects your intelligence (+8).
   Rampage:   It bestows one free step when moving towards enemies.
 m - a +0 helmet (worn)
 A - a +0 pair of gloves (worn)
 B - the +0 pair of boots of Squeaky Liberty (worn) {rC+ rCorr SInv}
   (You acquired it on level 10 of the Dungeon)

   rC:        It protects you from cold.
   SInv:      It lets you see invisible.
   rCorr:     It protects you from acid and corrosion.
 F - a +2 robe of willpower
 G - a +0 cloak (worn)
 S - a +2 leather armour of fire resistance
 W - +0 acid dragon scales (worn)
Jewellery
 l - a ring of wizardry (left hand)
 H - an amulet of the acrobat (around neck)
 J - an amulet of reflection
 U - a +4 ring of evasion
Wands
 d - a wand of iceblast (15)
 t - a wand of flame (33)
 u - a wand of paralysis (1)
 v - a wand of digging (5)
 x - a wand of acid (21)
 R - a wand of polymorph (6)
 T - a wand of charming (3)
 Y - a wand of mindburst (5)
Scrolls
 g - 4 scrolls of blinking
 h - 2 scrolls of enchant armour {unknown}
 k - 3 scrolls of immolation {unknown}
 p - 5 scrolls of fear
 q - 3 scrolls of magic mapping
 s - a scroll of silence
 w - 5 scrolls of teleportation
 L - a scroll of amnesia {unknown}
 N - 2 scrolls of identify {@r1}
 O - 2 scrolls of vulnerability
 Q - 2 scrolls of enchant weapon {unknown}
 V - a scroll of brand weapon
 X - a scroll of summoning {unknown}
 Z - 3 scrolls of fog
Potions
 a - 4 potions of heal wounds {@q2}
 f - a potion of cancellation {unknown}
 i - a potion of mutation {unknown}
 j - 2 potions of lignification {unknown}
 n - 3 potions of degeneration {unknown}
 o - 8 potions of curing {@q1}
 r - 6 potions of attraction
 z - 2 potions of brilliance {unknown}
 D - 3 potions of might
 I - 2 potions of flight {unknown}
 K - a potion of magic {unknown}
 M - a potion of haste {unknown}
Miscellaneous
 C - a phantom mirror


   Skills:
 + Level 10.2 Fighting
 + Level 2.3 Armour
 - Level 1.5 Dodging
 - Level 2.1 Stealth
 * Level 11.9 Spellcasting
 + Level 3.1 Conjurations
 - Level 2.0 Transmutations
 + Level 2.1 Ice Magic
 * Level 16.8 Earth Magic


You had 15 spell levels left.
You knew the following spells:

 Your Spells              Type           Power      Damage    Failure   Level
a - Sandblast             Erth           100%       2d20      0%          1
b - Stone Arrow           Conj/Erth      100%       3d13      1%          3
c - Petrify               Tmut/Erth      56%        N/A       1%          4
d - Frozen Ramparts       Ice            48%        1d6       1%          3
e - Iskenderun's Mystic   Conj/Tloc      21%        2d6       4%          4
f - Lee's Rapid Deconstr  Erth           38%        3d20*     1%          5

Your spell library contained the following spells:

 Spells                   Type           Power      Damage    Failure   Level
 Passwall                 Tmut/Erth      46%        N/A       1%          2
 Poisonous Vapours        Pois/Air       28%        N/A       1%          2
 Ignite Poison            Fire/Tmut/Pois 17%        N/A       1%          3
 Mephitic Cloud           Conj/Pois/Air  19%        N/A       1%          3
 Leda's Liquefaction      Hex/Erth       26%        N/A       1%          4
 Slow                     Hex            56%        N/A       2%          1
 Corpse Rot               Necr/Air       28%        N/A       4%          2
 Irradiate                Conj/Tmut      13%        3d18      7%          5
 Call Canine Familiar     Summ           14%        N/A       8%          3
 Confusing Touch          Hex            14%        N/A       8%          3
 Portal Projectile        Hex/Tloc       28%        N/A       8%          3
 Tukima's Dance           Hex            14%        N/A       8%          3
 Vampiric Draining        Necr           14%        2d7       8%          3
 Freezing Cloud           Conj/Ice/Air   11%        6-21      10%         5
 Yara's Violent Unravell  Hex/Tmut       9%         3d6       13%         5
 Passage of Golubria      Tloc           14%        N/A       26%         4
 Shatter                  Erth           38%        3d30*     50%         9
 Chain Lightning          Conj/Air       10%        3d14      100%        9
 Fire Storm               Conj/Fire      10%        8d3       100%        9
 Sublimation of Blood     Necr           Unusable   N/A       N/A         2

Dungeon Overview and Level Annotations

Branches:
Dungeon (12/15)            Temple (1/1) D:7            Lair (2/6) D:8
  Swamp: Lair:2-4    Shoals: Lair:2-4     Snake: Lair:2-4    Spider: Lair:2-4
    Orc: D:9-12

Altars:
Ashenzari
Cheibriados
Dithmenos
Elyvilon
Fedhas
Gozag
Hepliaklqana
Kikubaaqudgha
Makhleb
Nemelex Xobeh
Okawaru
Qazlal
Ru
Sif Muna
Trog
Uskayaw
Vehumet
Wu Jian
Xom
Yredelemnul
Zin
The Shining One

Shops:
D:10 :

Annotations:
D:11 2 runed translucent doors, n00bb0dy's ghost, journeyman MiBe


Innate Abilities, Weirdness & Mutations

You are immune to sickness and miasma.
Your stone body is resilient. (AC +9)
You are immune to poison.
You resist negative energy. (rN+)
You are resistant to electric shocks. (rElec)
You are resistant to unholy torment.
You are immune to petrification.


Message History

Aim: an eight-headed hydra (petrifying slowly, 100% to hit)
The bolt of acid hits the eight-headed hydra!
The eight-headed hydra stops moving altogether!
Aim: an eight-headed hydra (lightly wounded, petrified, 100% to hit)
The stone arrow hits the eight-headed hydra!!
Aim: an eight-headed hydra (moderately wounded, petrified, 100% to hit)
The blast of sand hits the eight-headed hydra!
c - 38 stones
Aim: an eight-headed hydra (moderately wounded, petrified, 100% to hit)
The blast of sand hits the eight-headed hydra!
c - 37 stones
Aim: an eight-headed hydra (moderately wounded, petrified, 100% to hit)
The blast of sand hits the eight-headed hydra.
c - 36 stones
Aim: an eight-headed hydra (moderately wounded, petrified, 100% to hit)
The blast of sand hits the eight-headed hydra!!
c - 35 stones
Aim: an eight-headed hydra (heavily wounded, petrified, 100% to hit)
The blast of sand hits the eight-headed hydra!
c - 34 stones The eight-headed hydra is no longer petrified.
The eight-headed hydra bites you but does no damage. x2
The eight-headed hydra completely misses you.
The eight-headed hydra bites you but does no damage.
The eight-headed hydra misses you. The eight-headed hydra bites you! x2
The eight-headed hydra closely misses you.
Aim: an eight-headed hydra (heavily wounded, 94% to hit)
The blast of sand hits the eight-headed hydra!!
c - 33 stones The eight-headed hydra closely misses you.
The eight-headed hydra bites you! The eight-headed hydra bites you.
* * * LOW HITPOINT WARNING * * *
The eight-headed hydra bites you but does no damage.
The eight-headed hydra bites you!
* * * LOW HITPOINT WARNING * * *
The eight-headed hydra bites you but does no damage.
The eight-headed hydra bites you.
* * * LOW HITPOINT WARNING * * *
The eight-headed hydra bites you!
You die...

P...#.# #..## ### ### #...
.P..#.##### #.#.### #..P
.......##.# #.....# #.P.
P........## ###.#.# ##...
..######.# ###^# ####..P. ..#
#.## ####.# ###.#..... ..#
#..#####.#..# #.#P...P.P #.#
####.###.###...## ##..P.P..P
#.###.##.###....@D..# #.P......
..#................## ##.......
#.#."♣♣♣♣♣##.P#.#..# #.#...#..
#.#.#♣...♣♣#.##....########.#...#
#.#.#♣....♣♣.##.#................
....##♣....♣.#...................
#.#....♣♣♣..♣♣....#.#.####...P.P.
#.#..♣♣♣♣♣...♣....###...#...♣....
#...♣♣♣.....♣♣............♣.♣♣♣..


You could see an eight-headed hydra.

Vanquished Creatures
  Snorg (D:10)
  Josephine (D:11)
  A boulder beetle (D:11)
  A hydra (Lair:1)
  4 two-headed ogres
  3 death yaks
  Sonja (Lair:2)
  Maurice (D:10)
  A black mamba (Lair:1)
  Joseph (D:7)
  6 cane toads
  A gargoyle (D:10)
  A komodo dragon (Lair:1)
  Psyche (D:10)
  2 rime drakes (Lair:1)
  An unseen horror (D:10)
  2 trolls
  Grinder (D:5)
  2 polar bears
  A meliai zombie (D:11)
  2 centaur simulacra (D:11)
  A vampire (D:9)
  3 wraiths (D:11)
  2 wyverns
  18 yaks
  Menkaure (D:5)
  4 acid dragons
  5 water moccasins
  Duvessa (D:7)
  5 orc warriors
  2 ogres
  3 ice beasts
  11 wolves
  4 centaurs
  2 phantoms (D:5)
  4 kobold brigands
  3 bullfrogs
  A gnoll sergeant (D:8)
  3 scorpions
  A wyvern zombie (D:7)
  Dowan (D:7)
  7 killer bees
  10 wights
  3 electric eels
  4 howler monkeys
  2 lava snakes (Lair:2)
  6 centaur zombies
  2 hounds
  A jelly (D:7)
  4 orc priests
  A centaur skeleton (D:7)
  A gnoll shaman (D:7)
  An iguana (D:6)
  15 orc wizards
  Terence (D:2)
  A statue (D:3)
  A hound zombie (D:5)
  Robin (D:3)
  2 hound skeletons
  A mummy (D:8)
  A howler monkey zombie (D:9)
  14 gnolls
  A howler monkey skeleton (D:7)
  5 adders
  A river rat (D:8)
  A shadow imp (D:7)
  8 white imps
  4 ufetubi
  2 worms (D:2)
  4 dart slugs
  43 orcs
  6 endoplasms
  4 giant cockroaches
  22 goblins
  13 hobgoblins
  3 jackals (D:1)
  20 kobolds
  4 quokkas
  9 ball pythons
  3 bats
  5 frilled lizards
  6 rats
  A butterfly (D:5)
354 creatures vanquished.

Vanquished Creatures (others)
  3 bushes (Lair:1)
  13 fungi
  121 plants
137 creatures vanquished.

Grand Total: 491 creatures vanquished

Notes
Turn   | Place    | Note
-------+----------+-------------------------------------------
     0 | D:1      | crrrack the Gargoyle Earth Elementalist began the quest for
                  | the Orb.
     0 | D:1      | Reached XP level 1. HP: 10/10 MP: 3/3
    93 | D:1      | Found a faded altar of an unknown god.
   102 | D:1      | Reached skill level 1 in Transmutations
   248 | D:1      | Reached XP level 2. HP: 15/15 MP: 0/5
   677 | D:1      | Reached skill level 4 in Earth Magic
   687 | D:1      | Reached XP level 3. HP: 19/19 MP: 2/7
  1267 | D:2      | Noticed Terence
  1344 | D:2      | Learned a level 3 spell: Stone Arrow
  2019 | D:2      | Reached XP level 4. HP: 24/24 MP: 4/8
  2113 | D:2      | Killed Terence
  2592 | D:2      | Found a white marble altar of Elyvilon.
  2609 | D:2      | You fall into a shaft and drop 2 floors!
  2613 | D:4      | Reached skill level 1 in Conjurations
  2733 | D:4      | Reached XP level 5. HP: 28/28 MP: 6/9
  2775 | D:4      | Noticed an ogre
  2796 | D:4      | Killed an ogre
  2797 | D:4      | Reached skill level 5 in Earth Magic
  2982 | D:3      | Reached XP level 6. HP: 32/32 MP: 6/11
  2998 | D:3      | Noticed Robin
  3009 | D:3      | Killed Robin
  3390 | D:3      | Noticed a water moccasin
  3397 | D:3      | Killed a water moccasin
  3398 | D:3      | Reached skill level 6 in Earth Magic
  3567 | D:3      | Found a radiant altar of Vehumet.
  3624 | D:3      | Became a worshipper of Vehumet
  3875 | D:3      | Reached XP level 7. HP: 20/36 MP: 1/13
  4173 | D:3      | Found a sacrificial altar of Ru.
  4633 | D:4      | Reached skill level 7 in Earth Magic
  4727 | D:4      | Reached skill level 1 in Fighting
  5125 | D:5      | Entered Level 5 of the Dungeon
  5247 | D:5      | Found a white marble altar of Elyvilon.
  5252 | D:5      | Noticed Grinder
  5259 | D:5      | Killed Grinder
  5260 | D:5      | Reached skill level 8 in Earth Magic
  5260 | D:5      | Reached XP level 8. HP: 39/45 MP: 1/15
  5385 | D:5      | Reached skill level 5 in Spellcasting
  5487 | D:5      | Found a shimmering altar of Xom.
  5514 | D:5      | Noticed Menkaure
  5516 | D:5      | Killed Menkaure
  6015 | D:5      | Reached * piety under Vehumet
  6015 | D:5      | Offered knowledge of Shock by Vehumet.
  6023 | D:5      | Reached skill level 9 in Earth Magic
  6430 | D:5      | Found a bloodstained altar of Trog.
  6540 | D:5      | Identified the +0 robe of Beogh's Supremacy {Rampage Str-3
                  | Int+8}
  7097 | D:6      | Found a burning altar of Makhleb.
  7254 | D:6      | Found a blossoming altar of Fedhas.
  7286 | D:6      | Reached XP level 9. HP: 52/52 MP: 13/17
  7289 | D:6      | Reached skill level 10 in Earth Magic
  7446 | D:6      | Found a broken altar of Ashenzari.
  8034 | D:6      | Found a shimmering blue altar of Sif Muna.
  8594 | D:7      | Reached skill level 5 in Fighting
  8709 | D:7      | Offered knowledge of Searing Ray by Vehumet.
  8714 | D:7      | Reached ** piety under Vehumet
  8783 | D:7      | Found a staircase to the Ecumenical Temple.
  8820 | Temple   | Entered the Ecumenical Temple
  9326 | D:7      | Reached skill level 11 in Earth Magic
  9597 | D:7      | Noticed Dowan
  9597 | D:7      | Noticed Joseph
  9611 | D:7      | Noticed Duvessa
  9679 | D:7      | Killed Duvessa
  9691 | D:7      | Killed Dowan
  9820 | D:7      | Killed Joseph
 10427 | D:8      | Noticed a death yak
 10570 | D:8      | Reached XP level 10. HP: 60/60 MP: 11/20
 10575 | D:8      | Reached skill level 12 in Earth Magic
 10596 | D:8      | Identified the +12 flail of Laceration {vorpal, Drain
                  | Int+4}
 10810 | D:8      | Offered knowledge of Static Discharge by Vehumet.
 10865 | D:8      | Found a staircase to the Lair.
 11038 | D:8      | Noticed a death yak
 11079 | D:7      | Found a hide-covered altar of Uskayaw.
 11090 | D:7      | Learned a level 4 spell: Petrify
 11329 | D:8      | Found a snail-covered altar of Cheibriados.
 11421 | D:8      | Killed a death yak
 11585 | D:8      | Reached *** piety under Vehumet
 11609 | D:8      | Noticed a death yak
 11962 | D:7      | Killed a death yak
 11963 | D:7      | Reached skill level 13 in Earth Magic
 12216 | D:8      | Killed a death yak
 12491 | D:9      | Noticed a two-headed ogre
 12557 | D:9      | Killed a two-headed ogre
 12558 | D:9      | Reached XP level 11. HP: 68/68 MP: 7/23
 12749 | D:9      | Reached skill level 14 in Earth Magic
 13026 | D:9      | Offered knowledge of Frozen Ramparts by Vehumet.
 13032 | D:9      | Learned a level 3 spell: Frozen Ramparts
 13400 | D:9      | Noticed a two-headed ogre
 13406 | D:9      | Killed a two-headed ogre
 13629 | D:9      | Identified the +2 war axe "Ajimy" {flame, rPois rN+ Str+3}
 13662 | D:9      | Found a sparkling altar of Nemelex Xobeh.
 13800 | D:10     | Entered Level 10 of the Dungeon
 13834 | D:10     | Noticed a two-headed ogre
 13837 | D:10     | Killed a two-headed ogre
 13999 | D:10     | Reached **** piety under Vehumet
 14204 | D:10     | Noticed Snorg
 14624 | D:10     | Found Ighom's Book Emporium.
 14876 | D:10     | Killed Snorg
 14877 | D:10     | Reached skill level 10 in Spellcasting
 15026 | D:10     | Noticed Maurice
 15033 | D:10     | Killed Maurice
 15034 | D:10     | Found an opulent altar of Gozag.
 15175 | D:11     | Noticed Psyche
 15180 | D:10     | Killed Psyche
 15181 | D:10     | Reached skill level 15 in Earth Magic
 15236 | D:10     | Identified a scroll of acquirement
 15237 | D:10     | Acquired the +0 pair of boots of Squeaky Liberty {rC+ rCorr
                  | SInv}
 15248 | D:11     | Offered knowledge of Iskenderun's Mystic Blast by Vehumet.
 15374 | D:10     | Learned a level 4 spell: Iskenderun's Mystic Blast
 15481 | D:11     | Noticed Josephine
 15490 | D:11     | Reached XP level 12. HP: 76/76 MP: 15/26
 15708 | D:11     | Killed Josephine
 15848 | D:11     | Found a large runed translucent door.
 15848 | D:11     | Found a large runed translucent door.
 16029 | D:11     | Noticed a two-headed ogre
 16035 | D:11     | Killed a two-headed ogre
 16618 | D:11     | Noticed a boulder beetle
 16626 | D:11     | Killed a boulder beetle
 16964 | D:11     | Noticed n00bb0dy's ghost (journeyman MiBe)
 17068 | Lair:1   | Entered Level 1 of the Lair of Beasts
 17194 | Lair:1   | Reached skill level 16 in Earth Magic
 17953 | Lair:1   | Noticed a seven-headed hydra
 17957 | Lair:1   | Killed a seven-headed hydra
 17958 | Lair:1   | Reached skill level 10 in Fighting
 17958 | Lair:1   | Reached skill level 1 in Armour
 17958 | Lair:1   | Reached skill level 1 in Ice Magic
 18605 | Lair:2   | Noticed Sonja
 18612 | Lair:2   | Killed Sonja
 18937 | Lair:2   | Reached XP level 13. HP: 82/82 MP: 26/28
 18990 | Lair:2   | Reached ***** piety under Vehumet
 18992 | Lair:2   | Offered knowledge of Lee's Rapid Deconstruction by Vehumet.
 19012 | Lair:1   | Learned a level 5 spell: Lee's Rapid Deconstruction
 19825 | Lair:1   | Slain by an eight-headed hydra

Illustrated notes

Levels and vault maps discovered:
D:1:      nicolae_arrival_somewhat_less_tricky_arrival, layout_loops_ring,
          dreamdust_ecumenical_altar_statues
D:2:      layout_basic, basic_altar, serial_co_window_serial, co_window_paths_a,
          co_window_paths_b, co_window_corner_a, co_window_corner_a,
          co_window_of_opportunity_a, co_window_paths_b,
          co_window_of_opportunity_a, co_window_2corner, co_window_corner_cb,
          co_window_corner_cb, co_window_broadway_b, co_window_of_opportunity_c,
          co_window_corner_b, co_window_2corner, glass_columns_a,
          glass_columns_c, glass_columns_a, glass_columns_b, uniq_terence,
          uniq_sigmund
D:3:      layout_loops_ring, mainiacjoe_overflow_alcove_1, vehumet_statue,
          st_stairs_10, uniq_robin
D:4:      layout_basic, nrook_mini_vaults, grunt_ministairs_13
D:5:      corexii_shantytown, layout_basic, elyvilon_altar_5, xom_butterflies,
          trog_book, uniq_grinder, uniq_menkaure
D:6:      layout_basic, old_standard_altar, tgw_sif, kennysheep_little_box,
          ashenzari_conservatory_becter, hangedman_decor_clover_reticule
D:7:      layout_loops_ring, nicolae_overflow_hidden_temple,
          minmay_temple_entry_junction_2, uniq_duvessa, uniq_joseph
D:8:      kennysheep_blocky_hall, layout_basic, chei_slow_surprise,
          dpeg_lair_monsters
D:9:      layout_cave_pools, nemelex_diamond_rough_becter, st_stairs_6,
          minmay_diced_spiral
D:10:     layout_rooms, lemuel_coloured_pillars_altar, serial_shops,
          nicolae_shop_stone, uniq_maurice, uniq_snorg
D:11:     layout_basic, ebering_ghost_disaster_area, serial_ice, serial_ice_h,
          serial_ice_c, serial_ice_m, serial_ice_d, serial_ice_f, serial_ice_g,
          serial_ice_b, uniq_josephine, uniq_psyche
D:12:     minmay_the_grid_octo_tiled_octocenter [minmay_the_grid_octo_focus,
          minmay_the_grid_octo_teeth, minmay_the_grid_octo_tetromino_candy,
          minmay_the_grid_octo_odd_swirl, minmay_the_grid_octo_prize_star,
          minmay_the_grid_square_5x5_hourglass, minmay_the_grid_square_5x5_v,
          minmay_the_grid_square_5x5_three_walls,
          minmay_the_grid_square_5x5_slash], layout_irregular_city
Temple:   nicolae_temple_figure_zero
Lair:1:   layout_loops_ring, serial_forest, infiniplex_forest_clump_diagonal,
          infiniplex_forest_clump_tiny, infiniplex_forest_clump_curved,
          infiniplex_forest_split, infiniplex_forest_zigzag_1,
          infiniplex_forest_clump_diagonal, infiniplex_forest_straight_2,
          infiniplex_forest_clump_long, infiniplex_forest_clump_curved
Lair:2:   layout_misc_corridors, nicolae_lair_liquid_snakes, uniq_sonja

Skill      XL: |  1  2  3  4  5  6  7  8  9 10 11 12 13 |
---------------+----------------------------------------+-----
Transmutations | 1 2 |  2.0
Earth Magic    | 4 5 6 8 9 11 13 15 16 | 16.8
Spellcasting   | 3 4 5 7 8 10 11 | 11.9
Conjurations   | 1 2 3 |  3.1
Fighting       | 2 4 6 7 9 10 | 10.2
Armour         | 2 |  2.3
Ice Magic      | 1 2 |  2.1
Dodging        | |  1.5
Stealth        | |  2.1

Action                   |  1- 3 |  4- 6 |  7- 9 | 10-12 | 13-15 || total
-------------------------+-------+-------+-------+-------+-------++-------
Melee: Dagger            |    43 |    27 |    48 |       |       ||   118
       Whip              |       |       |     1 |       |       ||     1
       Morningstar       |       |       |    11 |     5 |       ||    16
       Unarmed           |       |       |     3 |       |       ||     3
       Flail             |       |       |       |    17 |     7 ||    24
       Punch             |       |       |       |       |     1 ||     1
Throw: Dart              |       |       |       |     5 |       ||     5
 Cast: Sandblast         |    30 |    54 |    87 |   113 |    25 ||   309
       Stone Arrow       |     6 |    15 |   105 |   197 |     9 ||   332
       Petrify           |       |       |       |     1 |    13 ||    14
       Lee's Rapid Decon |       |       |       |       |     3 ||     3
Evoke: Wand              |       |       |       |     5 |     3 ||     8
  Use: Scroll            |       |       |     5 |    12 |       ||    17
       Potion            |       |       |     1 |     2 |       ||     3
 Stab: Sleeping          |     3 |       |       |       |       ||     3
       Fleeing           |       |       |     1 |       |       ||     1
       Paralysed         |       |       |       |     2 |       ||     2
       Petrified         |       |       |       |       |     3 ||     3
Armor: Robe              |    17 |    17 |    41 |    43 |       ||   118
       Skin              |       |       |     5 |       |       ||     5
       Acid dragon scale |       |       |       |    62 |    43 ||   105
Dodge: Dodged            |    24 |    34 |    81 |   120 |    92 ||   351
